[ AOE2 MATCH · #506448205 ]
UnrankedIncas vs Mongols
Player's team · LOSS
Rival team · WIN
[ REPLAY ANALYSIS · EXTRACTED FROM THE RECORDED GAME ]
Feudal
10:39
Castle
—
Imperial
—
| APM avg | 48.7 |
| APM peak | 78 |
| eAPM avg | 17.3 |
| Villagers / military | 36 / 2 |
Focus
⚔️ 37.4% · 🌾 62.6%
Unknown (2550) ×3 · Spearman ×2
Feudal
11:39
Castle
16:05
Imperial
—
| APM avg | 33.0 |
| APM peak | 61 |
| eAPM avg | 15.8 |
| Villagers / military | 34 / 1 |
Focus
⚔️ 17.3% · 🌾 82.7%
Steppe Lancer ×1
Match map
Initial resources + every placement click. Lines = walls · curves = elevation contours. ◆ gold · ⬟ stone · ● berries · ✦ relic · ◌ wall gap
Your base· Open — 5t gap
MongolMania's base· Open — 6t gap
Smoothed initial terrain · ◌ = detected wall gap · hover for details
Inputs per minute
— Hemingway - - MongolMania
Build order — Hemingway
72 actions detected in the replay
| 0:04 | Build | House |
| 0:07 | Build | Barracks |
| 0:13 | Queue | Villager (Male) |
| 0:13 | Queue | Villager (Male) |
| 0:14 | Queue | Villager (Male) |
| 0:15 | Queue | Villager (Male) |
| 1:03 | Queue | Unit 2550 |
| 1:32 | Research | Loom |
| 1:37 | Queue | Villager (Male) |
| 1:37 | Queue | Villager (Male) |
| 1:42 | Queue | Unit 2550 |
| 2:20 | Queue | Villager (Male) |
| 2:20 | Queue | Villager (Male) |
| 2:38 | Queue | Villager (Male) |
| 3:19 | Queue | Villager (Male) |
| 3:19 | Queue | Villager (Male) |
| 3:39 | Build | House |
| 3:50 | Queue | Villager (Male) |
| 3:51 | Queue | Villager (Male) |
| 3:51 | Queue | Villager (Male) |
| 4:12 | Queue | Villager (Male) |
| 4:25 | Queue | Villager (Male) |
| 4:25 | Queue | Villager (Male) |
| 5:21 | Queue | Villager (Male) |
| 5:21 | Queue | Villager (Male) |
| 5:50 | Queue | Villager (Male) |
| 5:50 | Queue | Villager (Male) |
| 6:22 | Queue | Villager (Male) |
| 6:23 | Queue | Villager (Male) |
| 6:25 | Queue | Villager (Male) |
| 6:56 | Queue | Villager (Male) |
| 7:27 | Build | Settlement |
| 8:29 | Research | Feudal Age |
| 8:29 | Research | Feudal Age |
| 9:03 | Build | Settlement |
| 9:41 | Queue | Villager (Male) |
| 9:41 | Queue | Villager (Male) |
| 9:56 | Queue | Unit 2550 |
| 10:17 | Build | Settlement |
| 10:39 | Age | Feudal Age |
| 10:50 | Research | Tech 1402 |
| 10:51 | Research | Tech 1402 |
| 10:51 | Research | Double-Bit Axe |
| 11:06 | Queue | Villager (Male) |
| 11:14 | Build | Blacksmith |
| 11:31 | Queue | Villager (Male) |
| 11:40 | Build | Farm |
| 12:07 | Queue | Villager (Male) |
| 12:13 | Queue | Villager (Male) |
| 12:21 | Queue | Villager (Male) |
| 12:24 | Build | Farm |
| 12:24 | Build | Farm |
| 12:38 | Research | Arson |
| 12:45 | Build | Farm |
| 13:06 | Build | Farm |
| 13:20 | Queue | Villager (Male) |
| 13:45 | Queue | Villager (Male) |
| 13:51 | Build | Market |
| 14:08 | Queue | Villager (Male) |
| 14:21 | Build | Farm |
| 14:35 | Queue | Villager (Male) |
| 15:29 | Research | Castle Age |
| 15:29 | Research | Castle Age |
| 15:39 | Queue | Spearman |
| 15:47 | Build | Palisade Wall |
| 15:48 | Build | Palisade Wall |
| 15:51 | Build | Palisade Wall |
| 15:52 | Build | Palisade Wall |
| 15:52 | Build | Palisade Wall |
| 15:53 | Build | Palisade Wall |
| 15:54 | Build | Palisade Wall |
| 16:03 | Queue | Spearman |
Build order — MongolMania
61 actions detected in the replay
| 0:03 | Queue | Villager (Male) |
| 0:07 | Build | House |
| 0:11 | Build | House |
| 0:12 | Queue | Villager (Male) |
| 0:12 | Queue | Villager (Male) |
| 0:12 | Queue | Villager (Male) |
| 0:13 | Queue | Villager (Male) |
| 1:40 | Queue | Villager (Male) |
| 1:57 | Queue | Villager (Male) |
| 1:57 | Queue | Villager (Male) |
| 1:59 | Build | Lumber Camp |
| 2:40 | Queue | Villager (Male) |
| 2:41 | Queue | Villager (Male) |
| 2:41 | Queue | Villager (Male) |
| 3:06 | Queue | Villager (Male) |
| 3:26 | Queue | Villager (Male) |
| 3:27 | Queue | Villager (Male) |
| 3:47 | Queue | Villager (Male) |
| 3:54 | Build | House |
| 4:07 | Build | Mill |
| 4:10 | Queue | Villager (Male) |
| 4:11 | Queue | Villager (Male) |
| 4:31 | Research | Loom |
| 5:22 | Queue | Villager (Male) |
| 5:23 | Queue | Villager (Male) |
| 5:23 | Queue | Villager (Male) |
| 5:23 | Queue | Villager (Male) |
| 5:24 | Queue | Villager (Male) |
| 5:24 | Queue | Villager (Male) |
| 5:53 | Queue | Villager (Male) |
| 6:09 | Queue | Villager (Male) |
| 6:23 | Queue | Villager (Male) |
| 6:23 | Queue | Villager (Male) |
| 7:29 | Build | House |
| 7:35 | Queue | Villager (Male) |
| 7:51 | Queue | Villager (Male) |
| 8:03 | Queue | Villager (Male) |
| 9:29 | Research | Feudal Age |
| 10:56 | Build | Barracks |
| 11:01 | Build | Palisade Wall |
| 11:22 | Build | House |
| 11:31 | Queue | Villager (Male) |
| 11:31 | Queue | Villager (Male) |
| 11:31 | Queue | Villager (Male) |
| 11:39 | Age | Feudal Age |
| 11:45 | Build | Market |
| 12:28 | Build | Stable |
| 12:42 | Build | Stable |
| 13:00 | Queue | Villager (Male) |
| 13:25 | Research | Castle Age |
| 13:26 | Research | Castle Age |
| 13:26 | Research | Castle Age |
| 13:35 | Build | Mining Camp |
| 14:26 | Build | Blacksmith |
| 14:50 | Build | House |
| 14:52 | Build | House |
| 15:11 | Research | Double-Bit Axe |
| 15:37 | Research | Scale Barding Armor |
| 15:46 | Research | Bloodlines |
| 16:05 | Age | Castle Age |
| 16:06 | Queue | Steppe Lancer |
Match timeline
| 0:07 | Hemingway · first_building Barracks |
| 10:39 | Hemingway · age_up feudal |
| 10:56 | MongolMania · first_building Barracks |
| 11:01 | MongolMania · wall_segment Palisade Wall x1 |
| 11:39 | MongolMania · age_up feudal |
| 12:28 | MongolMania · first_building Stable |
| 12:59 | MongolMania · first_market_sell 100 stone |
| 14:50 | Hemingway · first_market_sell 500 stone |
| 14:51 | Hemingway · first_market_buy 500 food |
| 15:33 | MongolMania · first_market_buy 100 food |
| 15:47 | Hemingway · wall_segment Palisade Wall x1 |
| 15:48 | Hemingway · wall_segment Palisade Wall x1 |
| 15:51 | Hemingway · wall_segment Palisade Wall x1 |
| 15:52 | Hemingway · wall_segment Palisade Wall x1 |
| 15:52 | Hemingway · wall_segment Palisade Wall x1 |
| 15:53 | Hemingway · wall_segment Palisade Wall x1 |
| 15:54 | Hemingway · wall_segment Palisade Wall x1 |
| 16:05 | MongolMania · age_up castle |
| 16:14 | Hemingway · resign |
[ AI ANALYSIS · 1 CREDIT ]
What really happened in this match?
Wolo.gg analyzes every decision: build order, eco, micro, common mistakes by bracket. Personalized analysis on WhatsApp or Discord in 30 seconds.
Civ guide
Incas
Perfil
Hemingway